 Dungeon Crawl Stone Soup version 0.21.0-3-g78d12a8 (webtiles) character file.

93 JeffiDaFish the Shooter (level 4, -2/23 HPs)
             Began as a Spriggan Hunter on Jan 17, 2018.
             Slain by TheDoctor's ghost (13 damage)
             ... on level 3 of the Dungeon.
             The game lasted 00:05:31 (2370 turns).

JeffiDaFish the Shooter (Spriggan Hunter)           Turns: 2370, Time: 00:05:31

Health: -2/23      AC:  2    Str:  8    XL:     4   Next: 36%
Magic:  5/5        EV: 19    Int: 12    God:
Gold:   93         SH:  0    Dex: 17    Spells: 3/3 levels left

rFire    . . .     SeeInvis +   g - +0 dagger (venom)
rCold    . . .     Gourm    .   (shield restricted)
rNeg     . . .     Faith    .   c - +0 robe
rPois    .         Spirit   .   (helmet restricted)
rElec    .         Reflect  .   (no cloak)
rCorr    .         Harm     .   (gloves unavailable)
MR       .....                  (boots unavailable)
Stlth    ++........             (no amulet)
HPRegen  0.07/turn              (no ring)
MPRegen  0.09/turn              (no ring)

@: very quick
A: very small, unfitting armour, see invisible, herbivore, speed 3, slow
metabolism 2
a: no special abilities


You were on level 3 of the Dungeon.
You were not hungry.

You visited 1 branch of the dungeon, and saw 3 of its levels.

You collected 93 gold pieces.

Inventory:

Hand Weapons
 a - a +2 shortbow
 g - a +0 dagger of venom (weapon)
Missiles
 h - 24 arrows
Armour
 c - a +0 robe (worn)
Scrolls
 b - a scroll of remove curse
 d - 3 scrolls of teleportation
 e - a scroll of identify
 j - a scroll of magic mapping {unknown}
Potions
 i - 2 potions of flight {unknown}
 k - a potion of curing
Comestibles
 f - 4 rations


   Skills:
 + Level 1.9 Fighting
 + Level 1.5 Short Blades
 + Level 6.2 Bows
 + Level 3.7 Dodging
 + Level 2.0 Stealth


You had 3 spell levels left.
You didn't know any spells.

Dungeon Overview and Level Annotations

Branches:
Dungeon (3/15)

Altars:
Okawaru

Annotations:
D:3 TheDoctor's ghost, amateur SpGl


Innate Abilities, Weirdness & Mutations

You are very small and have problems with some larger weapons.
You are too small for most types of armour.
You have supernaturally acute eyesight. (SInv)
You are a herbivore.
You cover ground extremely quickly.
You need consume almost no food.


Message History

You hit TheDoctor's ghost but do no damage.
TheDoctor's ghost is severely damaged.
TheDoctor's ghost misses you.
You barely miss TheDoctor's ghost.
TheDoctor's ghost is severely damaged.
TheDoctor's ghost closely misses you.
You hit TheDoctor's ghost.
TheDoctor's ghost is almost destroyed.
TheDoctor's ghost barely misses you.
You barely miss TheDoctor's ghost.
TheDoctor's ghost is almost destroyed.
TheDoctor's ghost closely misses you.
You hit TheDoctor's ghost.
TheDoctor's ghost is almost destroyed.
TheDoctor's ghost closely misses you.
You miss TheDoctor's ghost.
TheDoctor's ghost is almost destroyed.
TheDoctor's ghost hits you!
Ouch! That really hurt!
You die...

#..(....(.#
#......(..#
#.........#
#.........#
#....(.....
#...(.....#
#..W.......
#..@.......
##########.


You could see TheDoctor's ghost.

Vanquished Creatures
  3 gnolls (D:2)
  An adder (D:2)
  An ooze (D:1)
  A dart slug (D:1)
  A leopard gecko (D:2)
  A ball python (D:2)
  5 bats
  3 giant cockroaches (D:1)
  6 goblins
  9 hobgoblins
  9 kobolds
  4 frilled lizards (D:2)
  3 rats (D:1)
47 creatures vanquished.

Notes
Turn   | Place    | Note
-------+----------+-------------------------------------------
     0 | D:1      | JeffiDaFish the Spriggan Hunter began the quest for the Orb.
     0 | D:1      | Reached XP level 1. HP: 10/10 MP: 2/2
    61 | D:1      | Reached skill level 5 in Bows
   113 | D:1      | Reached XP level 2. HP: 15/15 MP: 3/3
   461 | D:1      | Reached XP level 3. HP: 10/18 MP: 4/4
  1103 | D:2      | Reached skill level 6 in Bows
  1483 | D:2      | Found an iron altar of Okawaru.
  1522 | D:2      | Reached skill level 1 in Short Blades
  2010 | D:2      | Reached XP level 4. HP: 23/23 MP: 5/5
  2352 | D:3      | Noticed TheDoctor's ghost (amateur SpGl)
  2370 | D:3      | Slain by TheDoctor's ghost

Skill      XL: |  1  2  3  4 |
---------------+-------------+-----
Bows           | 5 6 |  6.2
Short Blades   | 1 |  1.5
Stealth        | 2 |  2.0
Fighting       | |  1.9
Dodging        | |  3.7

Action                   |  1- 3 |  4- 6 || total
-------------------------+-------+-------++-------
Melee: Short sword       |   101 |       ||   101
       Dagger            |     7 |    26 ||    33
 Fire: Shortbow          |    56 |     7 ||    63
  Use: Scroll            |     6 |       ||     6
       Potion            |     4 |       ||     4
 Stab: Sleeping          |     2 |     1 ||     3
       Distracted        |     1 |       ||     1
Armor: Robe              |    11 |       ||    11
Dodge: Dodged            |   107 |    25 ||   132
